 Dungeon Crawl Stone Soup version 0.27.1-34-g3ba077fa99 (webtiles) character file.

Game seed: 4477988701895578629

261 Sharkman1231 the Stinger (level 5, -8/35 HPs)
             Began as a Demonspawn Venom Mage on Jan 18, 2022.
             Killed from afar by Crazy Yiuf (10 damage)
             ... with a puff of flame
             ... on level 2 of the Dungeon.
             The game lasted 00:06:35 (3754 turns).

Sharkman1231 the Stinger (Demonspawn Venom Mage)    Turns: 3754, Time: 00:06:36

Health: -8/35      AC:  2    Str:  8    XL:     5   Next: 96%
Magic:  9/9        EV: 12    Int: 16    God:
Gold:   92         SH:  0    Dex: 15    Spells: 3/9 levels left

rFire    . . .     SeeInvis .   a - +0 whip
rCold    + . .     Faith    .   (no shield)
rNeg     . . .     Spirit   .   j - +0 robe {rC+}
rPois    .         Reflect  .   (no helmet)
rElec    .         Harm     .   (no cloak)
rCorr    .         Rampage  .   (no gloves)
Will     .....                  (no boots)
Stlth    ++........             (no amulet)
HPRegen  0.11/turn              (no ring)
MPRegen  0.11/turn              (no ring)

@: no status effects
A: demonic guardian 1
a: no special abilities


You were on level 2 of the Dungeon.
You visited 1 branch of the dungeon, and saw 3 of its levels.

You collected 92 gold pieces.

Inventory:

Hand Weapons
 a - a +0 whip (weapon)
Armour
 j - a +0 robe of cold resistance (worn)
Scrolls
 c - a scroll of acquirement {unknown}
 e - a scroll of immolation
 f - a scroll of identify {unknown}
 g - a scroll of silence {unknown}
Potions
 d - a potion of flight {unknown}


   Skills:
 + Level 2.6 Dodging
 - Level 1.7 Stealth
 + Level 2.8 Spellcasting
 * Level 3.1 Transmutations
 + Level 1.2 Air Magic
 * Level 4.4 Poison Magic


You had 3 spell levels left.
You knew the following spells:

 Your Spells              Type           Power      Damage    Failure   Level
a - Sting                 Tmut/Pois      56%        1d5       4%          1
b - Poisonous Vapours     Pois/Air       22%        N/A       9%          2
c - Mephitic Cloud        Conj/Pois/Air  8%         N/A       26%         3

Your spell library contained the following spells:

 Spells                   Type           Power      Damage    Failure   Level
 Spider Form              Tmut/Pois      7%         N/A       12%         3
 Summon Small Mammal      Summ           8%         N/A       19%         1
 Ensorcelled Hibernation  Hex/Ice        4%         N/A       28%         2
 Olgreb's Toxic Radiance  Pois           16%        N/A       30%         4
 Alistair's Intoxication  Tmut/Pois      9%         N/A       75%         5
 Shadow Creatures         Summ           N/A        N/A       100%        6
 Spellforged Servitor     Conj/Summ      1%         N/A       100%        7


Dungeon Overview and Level Annotations

Branches:
Dungeon (3/15)

Altars:
Ashenzari
Zin

Shops:
D:1 =

Annotations:
D:2 Crazy Yiuf
D:3 Terence


Innate Abilities, Weirdness & Mutations

A weak demonic guardian rushes to your aid.


Message History

Crazy Yiuf says, "Peeping!"
Crazy Yiuf zaps a wand.
The puff of flame hits you!
* * * LOW HITPOINT WARNING * * *
Your quasit bites Crazy Yiuf but does no damage.
Your quasit claws Crazy Yiuf.
Your quasit claws Crazy Yiuf but does no damage.
Your quasit barely misses Crazy Yiuf.
Your quasit claws Crazy Yiuf but does no damage. x2
Your quasit closely misses Crazy Yiuf.
Your quasit claws Crazy Yiuf but does no damage. x2
Your quasit bites Crazy Yiuf but does no damage.
Your quasit claws Crazy Yiuf but does no damage. x2
Your quasit closely misses Crazy Yiuf.
Your quasit claws Crazy Yiuf but does no damage.
Your quasit barely misses Crazy Yiuf.
Crazy Yiuf cries, "Orb arga unthinkable!"
Crazy Yiuf zaps a wand.
The puff of flame hits you!
* * * LOW HITPOINT WARNING * * *
A demonic guardian appears!
Your quasit bites Crazy Yiuf but does no damage.
Your quasit closely misses Crazy Yiuf.
Your quasit claws Crazy Yiuf but does no damage.
You swap places.
Crazy Yiuf zaps a wand.
The puff of flame hits your ufetubus!
Your ufetubus is burned terribly!
Your ufetubus dies!
Your ufetubus disappears in a puff of smoke!
Your quasit bites Crazy Yiuf but does no damage.
Your quasit barely misses Crazy Yiuf.
Your quasit claws Crazy Yiuf but does no damage.
You feel better.
Your quasit closely misses Crazy Yiuf.
Your quasit barely misses Crazy Yiuf.
Your quasit claws Crazy Yiuf but does no damage.
Crazy Yiuf zaps a wand.
The puff of flame hits you!
* * * LOW HITPOINT WARNING * * *
Your quasit barely misses Crazy Yiuf.
Your quasit claws Crazy Yiuf but does no damage.
Your quasit barely misses Crazy Yiuf.
Crazy Yiuf yells, "Seed!
Fluff seventy childish."
Crazy Yiuf zaps a wand.
The puff of flame hits you!
You die...

'g♣♣♣♣PP.......# #.###.#
#♣5.♣....g.....###.###.#
♣♣♣.♣.P.#.....#.......#
♣♣♣♣♣##.....#.#.#####
#####.#.#.# ### #...#.# #.#
##..#.# #.##### #....#
#.....#######@#.#
#####.##....#.#.#
########.##....#...#
.......#.##....#...#
.......#.##....#g..#
.......#.##....#5..#
.......#[).....()..##
.......###########..########
.......#.....#...#.........#


You could see Crazy Yiuf (ally target) and a friendly quasit (summoned).

Vanquished Creatures
  Sigmund (D:2)
  4 adders (D:2)
  A worm (D:2)
  2 dart slugs
  An orc (D:2)
  5 ball pythons
  3 endoplasms
  2 giant cockroaches
  3 goblins
  3 hobgoblins (D:1)
  8 jackals (D:1)
  5 quokkas
  5 bats
  2 frilled lizards (D:1)
  A kobold (D:1)
  4 rats
50 creatures vanquished.

Vanquished Creatures (collateral kills)
  A killer bee zombie (D:3)
  A jackal (D:1)
2 creatures vanquished.

Grand Total: 52 creatures vanquished

Notes
Turn   | Place    | Note
-------+----------+-------------------------------------------
     0 | D:1      | Sharkman1231 the Demonspawn Venom Mage began the quest for
                  | the Orb.
     0 | D:1      | Reached XP level 1. HP: 13/13 MP: 3/3
    19 | D:1      | Reached skill level 1 in Transmutations
    91 | D:1      | Found Mooleb's Jewellery Shoppe.
   238 | D:1      | Gained mutation: A weak demonic guardian rushes to your
                  | aid. [demonic ancestry]
   238 | D:1      | Reached XP level 2. HP: 19/19 MP: 1/5
   835 | D:1      | Found a faded altar of an unknown god.
   935 | D:1      | Reached XP level 3. HP: 12/24 MP: 1/6
  1490 | D:2      | Got the Grimoire of Creative Poisoning
  1516 | D:2      | Learned a level 2 spell: Poisonous Vapours
  1520 | D:2      | Learned a level 3 spell: Mephitic Cloud
  1813 | D:2      | Noticed Sigmund
  2130 | D:2      | Killed Sigmund
  2131 | D:2      | Reached skill level 1 in Air Magic
  2131 | D:2      | Reached skill level 4 in Poison Magic
  2131 | D:2      | Reached XP level 4. HP: 17/30 MP: 0/8
  2131 | D:2      | Reached XP level 5. HP: 20/35 MP: 0/9
  2424 | D:2      | You fall into a shaft and drop 1 floor!
  2426 | D:3      | Found a broken altar of Ashenzari.
  2907 | D:3      | Noticed Terence
  3160 | D:2      | Found a runed translucent door.
  3161 | D:2      | Noticed Crazy Yiuf
  3754 | D:2      | Killed from afar by Crazy Yiuf

Illustrated notes

Levels and vault maps discovered:
D:1:      minmay_arrival_nine_rooms, layout_loops_ring, serial_shops, shop,
          hellmonk_ecumenical_altar_dog_temple
D:2:      layout_basic, uniq_sigmund, uniq_crazy_yiuf_cottage
D:3:      layout_rooms, nicolae_qazlal_style_of_elements,
          mainiacjoe_overflow_divided_tiny, hex_intersection, uniq_terence,
          uniq_purgy, uniq_natasha

Skill      XL: |  1  2  3  4  5 |
---------------+----------------+-----
Transmutations | 1 2 3 |  3.1
Dodging        | 2 |  2.6
Air Magic      | 1 |  1.2
Poison Magic   | 4 |  4.4
Stealth        | |  1.7
Spellcasting   | |  2.8

Action                   |  1- 3 |  4- 6 || total
-------------------------+-------+-------++-------
Melee: Whip              |    33 |    27 ||    60
       Unarmed           |     4 |       ||     4
 Cast: Sting             |    66 |    30 ||    96
       Poisonous Vapours |     2 |     3 ||     5
       Mephitic Cloud    |     1 |     1 ||     2
  Use: Scroll            |     1 |       ||     1
       Potion            |       |     4 ||     4
 Stab: Confused          |     2 |       ||     2
       Sleeping          |       |     1 ||     1
Armor: Robe              |    14 |     6 ||    20
Dodge: Dodged            |    39 |    42 ||    81
